 Dungeon Crawl Stone Soup version 0.22-a0-880-gb7b0c8b (webtiles) character file.

2049698 kuniqs the Talismancer (level 26, 274/274 HPs)
             Began as a Deep Dwarf Fighter on July 30, 2018.
             Was the Champion of Makhleb.
             Escaped with the Orb
             ... and 3 runes!
             The game lasted 01:44:02 (47758 turns).

kuniqs the Talismancer (Deep Dwarf Fighter)        Turns: 47758, Time: 01:44:02

Health: 274/274    AC: 54    Str: 37    XL:     26   Next: 78%
Magic:  16/16      EV: 12    Int: 10    God:    Makhleb [******]
Gold:   2302       SH: 29    Dex: 12    Spells: 25/25 levels left

rFire    + + .     SeeInvis +   p - +7 broad axe (elec)
rCold    + + +     Gourm    .   z - +0 large shield {rF+}
rNeg     + . .     Faith    .   a - +7 gold dragon scales
rPois    +         Spirit   .   D - +2 helmet
rElec    .         Reflect  +   h - +2 cloak
rCorr    .         Harm     .   M - +2 pair of gloves {Str+3}
MR       +++..     Clarity  +   b - +2 pair of boots
Stlth    ..........             W - +4 amulet of reflection
HPRegen  0.00/turn              s - ring of Lodaraug {rC++ MP-9 Str+3 Slay+3 SInv}
MPRegen  0.15/turn              I - ring of Robustness {AC+8}

@: non-regenerating, drained
A: damage resistance, heal wounds, see invisible, blink, clarity, negative
energy resistance 1, sense surroundings 3, no regeneration
0: Orb of Zot
}: 3/15 runes: decaying, silver, gossamer
a: Heal Wounds, Blink, Minor Destruction, Lesser Servant of Makhleb, Major
Destruction, Greater Servant of Makhleb, Renounce Religion


You escaped.
You worshipped Makhleb.
Makhleb was exalted by your worship.
You were very full.

You visited 10 branches of the dungeon, and saw 50 of its levels.
You also visited: Trove, Ice Cave and Wizlab.

You collected 6948 gold pieces.
You spent 4646 gold pieces at shops.

Inventory:

Hand Weapons
 p - a +7 broad axe of electrocution (weapon)
 F - the +14 obsidian axe {chop, +Fly SInv *Curse}
   (You acquired it on level 1 of the Vaults)

   It inflicts extra damage upon your enemies.
   It lets you see invisible.
   It lets you fly.
   It curses itself when equipped.
Missiles
 l - 3 throwing nets (quivered)
Armour
 a - +7 gold dragon scales (worn)
 b - a +2 pair of boots (worn)
 h - a +2 cloak (worn)
 z - a +0 large shield of fire resistance (worn)
 D - a +2 helmet (worn)
 M - a +2 pair of gloves of strength (worn)
Jewellery
 s - the ring of Lodaraug (left hand) {rC++ MP-9 Str+3 Slay+3 SInv}
   (You found it on level 5 of the Vaults)

   [ring of see invisible]

   It affects your strength (+3).
   It affects your accuracy and damage with ranged weapons and melee attacks
   (+3).
   It greatly protects you from cold.
   It affects your magic capacity (-9).
   It lets you see invisible.
 I - the ring of Robustness (right hand) {AC+8}
   (You found it on level 3 of the Elven Halls)

   [ring of protection]

   It affects your AC (+8).
 W - a +4 amulet of reflection (around neck)
Wands
 G - a wand of disintegration (11)
 H - a wand of iceblast (34)
 J - a wand of digging (38)
 K - a wand of paralysis (25)
 Q - a wand of polymorph (46)
 R - a wand of acid (29)
 T - a wand of scattershot (4)
 X - a wand of clouds (9)
Scrolls
 i - 3 scrolls of holy word
 j - 27 scrolls of teleportation
 k - a scroll of magic mapping
 n - a scroll of enchant armour
 q - 9 scrolls of immolation
 r - 10 scrolls of fog
 t - a scroll of silence
 u - 16 scrolls of remove curse {@r2}
 v - 4 scrolls of blinking
 y - a scroll of summoning
 B - 8 scrolls of identify {@r1}
 E - 10 scrolls of fear
 L - 4 scrolls of vulnerability
Potions
 d - 8 potions of might
 e - 9 potions of heal wounds
 g - 8 potions of mutation
 m - 6 potions of agility
 o - 6 potions of haste
 w - a potion of resistance
 x - 4 potions of cancellation
 A - 2 potions of invisibility
 C - 8 potions of lignification
 U - 14 potions of curing {@q1}
Miscellaneous
 c - 3 boxes of beasts
 N - a lamp of fire
 S - 7 sacks of spiders
 V - a fan of gales
 Y - 4 phantom mirrors
 Z - a phial of floods
Comestibles
 f - 87 rations


   Skills:
 + Level 23.2 Fighting
 - Level 21.9(21.8) Axes
 - Level 22.0(21.9) Armour
 - Level 10.0(9.9) Dodging
 - Level 20.0(19.9) Shields
 - Level 8.0(7.9) Invocations
 O Level 27(26.9) Evocations


You had 25 spell levels left.
You didn't know any spells.
Your spell library was empty.

Dungeon Overview and Level Annotations

Branches:
Dungeon (15/15)            Temple (1/1) D:5            Lair (6/6) D:8
  Swamp (4/4) Lair:2       Spider (4/4) Lair:3        Slime (0/5) Lair:5
    Orc (2/2) D:9             Elf (3/3) Orc:2        Vaults (5/5) D:14
  Crypt (0/3) Vaults:2     Depths (5/5) D:15            Zot (5/5) Depths:5

Altars:
Ashenzari
Cheibriados
Dithmenos
Elyvilon
Fedhas
Gozag
Hepliaklqana
Kikubaaqudgha
Makhleb
Nemelex Xobeh
Okawaru
Qazlal
Ru
Sif Muna
Trog
Uskayaw
Vehumet
Wu Jian
Xom
Yredelemnul
Zin
The Shining One
Beogh
Jiyva
Lugonu

Shops:
D:4 ?   D:10 [   D:12 !   D:15 !   Orc:2 [}!!   Elf:3 [([:}   Vaults:4 [
Depths:5 :

Portals:
Hell: Depths:1 Depths:2 Depths:3 Depths:4 Depths:5
Abyss: Depths:4
Pandemonium: Orc:2 Depths:1 Depths:2 Depths:3 Depths:5
Ziggurat: Depths:5

Annotations:
Swamp:4 Lernaean hydra
Elf:2 3 runed doors
Zot:1 exclusion: door


Innate Abilities, Weirdness & Mutations

You are resistant to damage.
You can heal yourself by infusing magical energy.
You resist negative energy. (rN+)
You passively map a large area around you.
You do not regenerate.
You have supernaturally acute eyesight. (SInv)
You can translocate small distances at will.
You possess an exceptional clarity of mind.


Message History

Makhleb accepts yer kill.
(D) Dungeon (T) Temple (L) Lair (S) Swamp (N) Spider Nest (M) Slime Pits (O) Orcish Mines (E) Elv'n Halls (V) Vaults (C) Crypt (U) Depths (H) Hell (Z) Zot Where ta? (Enter - D:1 @ (x,y), ? - help)
A white imp comes inta view.
Aim: a white imp (hasn't noticed ye, chance ta defeat MR: 99%) Tha white imp shouts!
Tha white imp be blasted.
Ye blow up tha white imp!
Makhleb accepts yer kill.
(D) Dungeon (T) Temple (L) Lair (S) Swamp (N) Spider Nest (M) Slime Pits (O) Orcish Mines (E) Elv'n Halls (V) Vaults (C) Crypt (U) Depths (H) Hell (Z) Zot Where ta? (Enter - D:1 @ (x,y), ? - help) Thar be an op'n gate 'ere.
Thar be a staircase leadin' outta tha dungeon 'ere.
Ye haf 'scaped!

.#..### #.#
#...####### #.##.
...## #.# ##'''##
####. .### #.#
##8...8## #. ##
#####.......## ##
♣#####.........#####♣
♣.......8...8.......♣
♣♣.................♣♣
♣♣................♣
♣♣....8.@.8..♣♣♣♣♣
♣♣♣.......♣♣♣
♣♣♣♣♣.♣♣♣ ♣♣♣


There were no monsters in sight!

Vanquished Creatures
  An orb of fire (Zot:5)
  3 ancient liches
  A juggernaut (Depths:5)
  Frederick (Depths:5)
  Boris (Depths:1)
  6 Killer Klowns
  9 golden dragons
  Nikola (Swamp:2)
  3 electric golems
  17 tentacled monstrosities
  5 liches
  19 Orb Guardians (Zot:5)
  A moon troll (WizLab)
  4 titans (Vaults:5)
  A deep elf master archer (Elf:3)
  A deep elf blademaster (Elf:3)
  An Executioner (Depths:3)
  8 tentacled starspawn (WizLab)
  5 quicksilver dragons
  A death cob (Zot:3)
  6 sphinxes
  Agnes (Elf:1)
  9 shadow dragons
  Kirke (Swamp:2)
  A thorn hunter (Swamp:3)
  6 tengu reavers
  15 storm dragons
  A daeva (D:6)
  Donald (Elf:2)
  4 draconian monks
  8 fire giants
  2 draconian knights
  6 deep elf sorcerers
  6 ghost moths
  7 frost giants
  9 vault wardens
  2 cacodemons
  A balrug (D:15)
  7 draconian stormcallers
  5 draconian scorchers
  An iron dragon (Vaults:5)
  8 emperor scorpions
  5 draconian shifters
  6 draconian annihilators
  7 deep elf elementalists
  14 ironheart preservers
  3 entropy weavers
  5 war gargoyles
  21 very ugly things
  16 stone giants
  3 vampire knights
  8 black draconians
  9 green draconians
  A deep elf demonologist (Depths:4)
  3 spark wasps (Depths:4)
  4 white draconians
  6 yellow draconians
  4 deep elf annihilators
  4 red draconians
  8 ettins
  2 merfolk javelineers (Depths:2)
  7 purple draconians
  7 deep elf death magi
  9 great orbs of eyes
  5 crystal guardians
  10 fire dragons
  5 deep elf high priests
  5 ice dragons
  4 rakshasas
  3 jiangshi (Depths:1)
  24 vault guards
  15 yaktaur captains
  4 centaur warriors
  A hell beast (Zot:5)
  3 spriggan air magi
  22 hydras
  14 ogre magi
  7 ghost crabs
  4 death knights
  An anaconda (shapeshifter) (Vaults:5)
  A catoblepas (D:15)
  10 alligators
  10 dancing weapons
  3 tengu warriors
  42 two-headed ogres
  5 deep troll shamans
  A deep troll earth mage (Depths:5)
  4 vampire magi
  3 spriggan berserkers
  A queen ant (D:8)
  4 orc high priests (Orc:2)
  2 death yaks (Lair:5)
  20 deep elf knights
  2 soul eaters
  4 sun demons
  8 skeletal warriors
  A fire crab (Spider:1)
  A sixfirhy (Depths:5)
  A storm dragon skeleton (Vaults:2)
  An iron troll (Depths:5)
  A titan skeleton (Depths:4)
  A spark wasp zombie (Depths:1)
  4 gelid demonspawn
  6 spriggan druids
  3 shadow wraiths
  8 glowing orange brains
  A shadow demon (Depths:5)
  An infernal demonspawn (Orc:2)
  14 ironbrand convokers
  A glowing orange brain (shapeshifter) (Vaults:5)
  2 unseen horrors
  5 harpies (Vaults:3)
  16 deep trolls
  11 deep elf archers
  13 swamp dragons
  5 flayed ghosts
  2 lindwurms (shapeshifter) (Vaults:5)
  A tengu zombie (Depths:4)
  6 necromancers
  An orb spider (shapeshifter) (Depths:3)
  2 large abominations (Vaults:5)
  10 phantasmal warriors
  7 wizards
  13 orb spiders
  2 shambling mangroves
  8 orc sorcerers
  56 ugly things
  3 frost giant zombies
  38 wolf spiders
  56 deep elf magi
  A shadow dragon skeleton (Depths:3)
  A cyclops (shapeshifter) (Vaults:3)
  2 fire giant zombies
  12 orc knights
  9 cyclopes
  A salamander (D:14)
  26 moths of wrath
  A small abomination (Depths:4)
  A moth of wrath (shapeshifter) (Vaults:5)
  A black mamba (shapeshifter) (Vaults:1)
  6 rust devils
  A frost giant skeleton (Depths:1)
  A smoke demon (Zot:5)
  A stone giant skeleton (Depths:1)
  10 black mambas
  8 elephants (Lair:6)
  17 vault sentinels
  3 orange demons
  23 spiny frogs
  3 apocalypse crabs (Swamp:2)
  5 eyes of devastation (WizLab)
  A guardian serpent (Lair:6)
  A yaktaur zombie (Depths:1)
  A guardian serpent (shapeshifter) (Vaults:1)
  2 gargoyles
  An elf skeleton (Vaults:5)
  26 yaktaurs
  2 spiny frogs (shapeshifter)
  3 freezing wraiths
  4 rime drakes
  12 demonic crawlers
  2 komodo dragons
  2 hellwings
  2 tengu conjurers (Depths:3)
  A jumping spider (shapeshifter) (Vaults:3)
  4 ice devils
  A spriggan skeleton (Depths:1)
  2 yaktaurs (shapeshifter)
  3 polar bears
  A yaktaur skeleton (Depths:1)
  2 red devils
  2 trolls (shapeshifter)
  5 trolls
  30 jumping spiders
  2 tengu simulacra (Depths:3)
  20 hornets
  11 tyrant leeches
  11 blink frogs
  A hippogriff (shapeshifter) (D:15)
  A blink frog (shapeshifter) (Vaults:5)
  30 slime creatures
  4 bog bodies
  A spriggan zombie (Depths:1)
  A raiju (shapeshifter) (Depths:5)
  15 hippogriffs
  2 deep troll zombies (Depths:1)
  A fire dragon zombie (Depths:1)
  3 ettin zombies
  3 flying skulls (Depths:1)
  2 shadows
  9 water elementals
  6 spriggans
  Sigmund (D:2)
  34 tarantellas
  3 wraiths
  An ettin skeleton (Vaults:5)
  An orc simulacrum (Vaults:2)
  A fire dragon skeleton (Depths:1)
  An ice dragon skeleton (Depths:1)
  56 redbacks
  3 air elementals
  7 hogs
  39 yaks
  A hog (shapeshifter) (Vaults:3)
  6 basilisks
  A ynoxinul (Orc:2)
  A human (D:7)
  3 vampires (Vaults:2)
  5 fire elementals
  A deep troll skeleton (Depths:1)
  3 golden eyes
  2 hungry ghosts
  26 vampire mosquitoes
  9 wyverns
  A spriggan simulacrum (Depths:1)
  2 steam dragons (Lair:6)
  4 neqoxecs
  A chaos spawn (Depths:2)
  3 elf zombies
  9 swamp worms
  5 wargs
  2 swamp worms (shapeshifter) (Vaults:5)
  4 acid dragons
  A soldier ant (shapeshifter) (Vaults:3)
  11 soldier ants
  12 insubstantial wisps
  13 swamp drakes
  28 water moccasins
  A floating eye (shapeshifter) (Depths:4)
  7 hell hounds
  3 sky beasts
  6 porcupines
  A black bear (Lair:5)
  An orc zombie (Vaults:1)
  An ice dragon simulacrum (Vaults:1)
  48 orc warriors
  10 ice beasts
  2 necrophages
  A deep troll simulacrum (Depths:1)
  12 wolves
  4 boggarts (Vaults:3)
  34 ogres
  11 starcursed masses (WizLab)
  7 centaurs
  17 crocodiles
  3 big kobolds
  A big kobold (shapeshifter) (Vaults:3)
  2 human zombies
  26 bullfrogs
  2 earth elementals
  A wyvern skeleton (D:9)
  2 scorpions
  3 human simulacra
  14 killer bees
  6 electric eels
  14 wights
  2 bullfrog zombies
  8 crimson imps
  A howler monkey (D:6)
  4 centaur zombies
  4 hounds
  2 quasits
  35 orc priests
  3 jellies
  8 centaur skeletons
  19 orc wizards
  An iron imp (D:7)
  Terence (D:2)
  9 iguanas
  29 worker ants
  2 hell rats (Lair:3)
  A hound zombie (D:8)
  A hound skeleton (D:9)
  2 howler monkey zombies (D:7)
  2 worker ant zombies
  3 gnolls (D:3)
  9 river rats (Lair:3)
  25 adders
  5 shadow imps
  3 white imps
  2 ufetubi
  3 adder zombies
  4 worms
  8 leopard geckos
  94 orcs
  2 ball pythons
  5 bats
  A giant cockroach (D:5)
  10 goblins
  10 hobgoblins
  28 jackals
  29 kobolds
  4 quokkas
  A ball python skeleton (D:5)
  8 frilled lizards
  A jackal skeleton (D:5)
  A quokka zombie (D:6)
  6 rats
  8 crawling corpses
  A fungus (D:7)
  8 plants
  10 starspawn tentacles (WizLab)
2226 creatures vanquished.

Vanquished Creatures (collateral kills)
  A Killer Klown (Zot:5)
  2 golden dragons
  3 tentacled monstrosities
  A lich (Depths:2)
  Rupert (Lair:3)
  3 Orb Guardians (Zot:5)
  A titan (Vaults:5)
  A death cob (Zot:2)
  A sphinx (Vaults:4)
  A tentacled starspawn (WizLab)
  2 draconian monks
  A storm dragon (Zot:5)
  A shadow dragon (Vaults:5)
  3 deep elf sorcerers (Elf:3)
  Louise (Elf:2)
  A fire giant (Depths:4)
  A frost giant (Depths:4)
  A draconian scorcher (Zot:5)
  2 vault wardens
  5 ironheart preservers
  A draconian stormcaller (Zot:5)
  A draconian annihilator (Zot:5)
  An angel (Depths:3)
  2 very ugly things
  4 stone giants
  A vampire knight (Depths:1)
  A green draconian (Depths:5)
  A black draconian (Zot:5)
  A deep elf demonologist (Vaults:5)
  A red draconian (Zot:2)
  3 deep elf annihilators
  A purple draconian (Depths:5)
  A white draconian (Zot:2)
  A merfolk javelineer (Depths:4)
  3 yellow draconians
  A deep elf death mage (Depths:4)
  An ettin (Vaults:5)
  A crystal guardian (Vaults:4)
  2 great orbs of eyes
  A yaktaur captain (Vaults:2)
  5 vault guards
  2 death knights
  2 centaur warriors (Vaults:1)
  A tengu warrior (Depths:3)
  3 two-headed ogres
  A deep troll earth mage (Depths:3)
  4 ogre magi
  A death yak (Lair:5)
  A deep troll shaman (Depths:3)
  2 orc high priests (Orc:2)
  5 deep elf knights
  Nergalle (Lair:3)
  An orange crystal statue (WizLab)
  3 deep trolls
  2 glowing orange brains
  4 ironbrand convokers
  A flayed ghost (Vaults:3)
  5 deep elf archers
  2 orc knights
  4 wolf spiders
  A phantasmal warrior (Vaults:3)
  An orb spider (shapeshifter) (Depths:4)
  A sphinx skeleton (Vaults:2)
  10 deep elf magi
  3 moths of wrath
  6 ugly things
  4 vault sentinels
  A fire giant skeleton (Depths:1)
  A black mamba (Lair:4)
  2 ice statues (IceCv)
  An eye of devastation (WizLab)
  A spiny frog (Lair:4)
  3 yaktaurs
  3 hornets
  A hippogriff (Lair:5)
  4 blink frogs (Lair:3)
  A fire dragon zombie (Depths:1)
  4 slime creatures
  3 redbacks
  A flying skull (Depths:1)
  A wraith (Vaults:1)
  2 starcursed masses (WizLab)
  A tarantella (Vaults:3)
  2 water elementals
  A fire elemental (Elf:2)
  A vampire mosquito (Swamp:1)
  A deep troll zombie (Vaults:2)
  An orc warrior (Vaults:2)
  9 ogres
  A boggart (Vaults:3)
  2 centaurs (Vaults:1)
  A crocodile (Lair:5)
  An orc wizard (Vaults:1)
  2 adders (Lair:4)
  3 orcs
  A bush (Elf:1)
  A crawling corpse (Vaults:5)
  2 starspawn tentacles (WizLab)
197 creatures vanquished.

Vanquished Creatures (others)
  An ancient lich (Vaults:5)
  2 deep elf master archers (Elf:3)
  A storm dragon (Zot:5)
  A tengu reaver (Depths:4)
  A ghost moth (Zot:5)
  An ettin (D:15)
  4 yaktaur captains
  A centaur warrior (Depths:1)
  A ghost crab (Swamp:2)
  An alligator (Swamp:1)
  2 spriggan druids (Swamp:2)
  An orb spider (Spider:4)
  A phantasmal warrior (D:15)
  5 deep elf magi
  A vault sentinel (Vaults:5)
  6 yaktaurs
  2 slime creatures
  A tyrant leech (Swamp:2)
  3 water elementals (Depths:1)
  3 humans (Swamp:2)
  2 insubstantial wisps (Swamp:2)
  A water moccasin (Lair:6)
  A swamp drake (Swamp:1)
  A black bear (D:9)
  3 ogres
  An orc priest (Orc:1)
  18 fungi
  34 plants
  10 starspawn tentacles (WizLab)
110 creatures vanquished.

Grand Total: 2533 creatures vanquished

Notes
Turn   | Place    | Note
-------+----------+-------------------------------------------
     0 | D:1      | kuniqs the Deep Dwarf Fighter began the quest for the Orb.
     0 | D:1      | Reached XP level 1. HP: 20/20 MP: 1/1
   117 | D:1      | Reached XP level 2. HP: 24/27 MP: 2/2
   904 | D:2      | Noticed Sigmund
   915 | D:1      | Reached skill level 1 in Dodging
   915 | D:1      | Reached XP level 3. HP: 31/34 MP: 3/3
   961 | D:2      | You fall through a shaft for 2 floors!
  1471 | D:3      | Reached XP level 4. HP: 34/42 MP: 4/4
  1588 | D:2      | Reached XP level 5. HP: 34/49 MP: 5/5
  1603 | D:2      | Noticed Terence
  1612 | D:2      | Killed Terence
  2081 | D:2      | Killed Sigmund
  2081 | D:2      | Reached XP level 6. HP: 44/57 MP: 5/5
  3254 | D:4      | Found Melof's Magic Scroll Shoppe.
  3262 | D:4      | Bought a scroll of enchant weapon for 105 gold pieces
  3262 | D:4      | Bought a scroll of magic mapping for 49 gold pieces
  3299 | D:5      | Entered Level 5 of the Dungeon
  3444 | D:5      | Found a staircase to the Ecumenical Temple.
  3450 | Temple   | Entered the Ecumenical Temple
  3549 | Temple   | Became a worshipper of Makhleb the Destroyer
  3722 | D:5      | Reached XP level 7. HP: 63/64 MP: 6/6
  3800 | D:5      | Reached skill level 5 in Armour
  3892 | D:5      | Reached skill level 5 in Shields
  3892 | D:5      | Reached skill level 1 in Invocations
  4148 | D:5      | Found an opulent altar of Gozag.
  4313 | D:6      | Reached * piety under Makhleb
  4429 | D:6      | Reached XP level 8. HP: 66/73 MP: 7/9
  4626 | D:6      | Reached skill level 1 in Evocations
  4914 | D:6      | Reached skill level 5 in Axes
  5020 | D:7      | Reached skill level 2 in Evocations
  5230 | D:7      | Reached ** piety under Makhleb
  5279 | D:7      | Reached skill level 5 in Fighting
  5286 | D:7      | Reached skill level 3 in Evocations
  5341 | D:7      | Reached skill level 5 in Dodging
  5583 | D:7      | Gained mutation: You passively map the area around you. [Deep Dwarf growth]
  5583 | D:7      | Reached XP level 9. HP: 67/81 MP: 9/9
  5606 | D:7      | Reached skill level 5 in Invocations
  5606 | D:7      | Reached skill level 4 in Evocations
  5712 | D:8      | Found a staircase to the Lair.
  6066 | D:8      | Noticed a queen ant
  6102 | D:8      | Killed a queen ant
  6102 | D:8      | Reached skill level 5 in Evocations
  6120 | D:8      | Reached XP level 10. HP: 91/91 MP: 10/10
  6150 | D:8      | Reached *** piety under Makhleb
  6245 | D:8      | Reached skill level 6 in Evocations
  6896 | D:9      | Reached **** piety under Makhleb
  7237 | D:9      | Found a staircase to the Orcish Mines.
  7543 | D:10     | Entered Level 10 of the Dungeon
  7543 | D:10     | Found Boudo's Armour Shop.
  7587 | D:10     | Reached skill level 7 in Evocations
  7587 | D:10     | Reached XP level 11. HP: 81/99 MP: 10/10
  7597 | D:10     | Noticed a two-headed ogre
  7613 | D:10     | Killed a two-headed ogre
  7725 | D:10     | Noticed an unseen horror
  7741 | D:10     | Killed an unseen horror
  7822 | D:10     | Reached ***** piety under Makhleb
  8435 | D:11     | Noticed a red ugly thing
  8435 | D:11     | Noticed a two-headed ogre
  8446 | D:11     | Killed a red ugly thing
  8454 | D:11     | Killed a two-headed ogre
  8454 | D:11     | Reached skill level 8 in Evocations
  8646 | D:11     | Noticed a purple ugly thing
  8672 | D:11     | Killed a purple ugly thing
  9224 | Lair:1   | Entered Level 1 of the Lair of Beasts
  9432 | Lair:1   | Reached XP level 12. HP: 53/110 MP: 10/10
 10069 | Lair:2   | Reached skill level 9 in Evocations
 10181 | Lair:2   | Found a staircase to the Swamp.
 11466 | Lair:3   | Noticed Nergalle
 11481 | Lair:3   | Killed Nergalle
 11534 | Lair:3   | Noticed Rupert
 11545 | Lair:3   | Killed Rupert
 11714 | Lair:3   | Found a hole to the Spider Nest.
 11727 | Lair:3   | Reached skill level 10 in Armour
 11936 | Lair:4   | Noticed a five-headed hydra
 11951 | Lair:4   | Killed a five-headed hydra
 11951 | Lair:4   | Reached skill level 10 in Shields
 12091 | Lair:4   | Reached skill level 10 in Evocations
 12099 | Lair:4   | Noticed a six-headed hydra
 12112 | Lair:4   | Killed a six-headed hydra
 12174 | Lair:4   | Noticed a six-headed hydra
 12231 | Lair:4   | Killed a six-headed hydra
 12311 | Lair:4   | Reached skill level 10 in Axes
 12335 | Lair:4   | Reached XP level 13. HP: 98/120 MP: 7/7
 13226 | Lair:5   | Found a viscous altar of Jiyva.
 13226 | Lair:5   | Found a staircase to the Slime Pits.
 13562 | Lair:5   | Reached skill level 10 in Dodging
 13856 | Lair:5   | Found the +8 whip "Snakebite" {curare, rPois}
 14011 | Lair:6   | Entered Level 6 of the Lair of Beasts
 14102 | Lair:6   | Reached skill level 11 in Evocations
 14287 | Lair:6   | Reached ****** piety under Makhleb
 14938 | Lair:6   | Gained mutation: You resist negative energy. (rN+) [Deep Dwarf growth]
 14938 | Lair:6   | Reached XP level 14. HP: 124/130 MP: 9/9
 15109 | Lair:6   | Reached skill level 12 in Evocations
 15422 | Lair:6   | Reached skill level 10 in Fighting
 15486 | Lair:6   | Identified the Papyrus of Freezing Sinister Rituals
 15830 | D:12     | Found Nasoh's Distillery.
 17097 | D:13     | Found a portal to a secret trove of treasure.
 17710 | D:14     | Reached skill level 13 in Evocations
 17780 | D:14     | Found a snail-covered altar of Cheibriados.
 17882 | D:14     | Found a gate to the Vaults.
 17959 | D:14     | Noticed Azrael
 17960 | D:14     | Noticed Nessos
 17964 | D:14     | Noticed Nessos
 17964 | D:14     | Nessos changed into Nessos the salamander
 17965 | D:14     | Noticed Azrael
 17965 | D:14     | Azrael changed into Azrael the demonic crawler
 17981 | D:14     | Killed Azrael the demonic crawler
 17991 | D:14     | Killed Nessos the salamander
 18479 | D:15     | Entered Level 15 of the Dungeon
 18612 | D:15     | Found a frozen archway.
 18621 | IceCv    | Entered an ice cave
 18624 | IceCv    | Found a transporter.
 18630 | IceCv    | Got a pitted war axe
 18632 | IceCv    | Identified the +4 war axe of Forgiveness {speed, *Rage rF++ Str+4} (You found it in an ice cave)
 18636 | IceCv    | Reached XP level 15. HP: 140/140 MP: 11/11
 18684 | IceCv    | Found a transporter.
 18726 | D:15     | Found Geutwo's Distillery.
 18741 | D:15     | Bought a potion of lignification for 45 gold pieces
 18932 | D:15     | Found a staircase to the Depths.
 19715 | D:4      | Bought a scroll of identify for 28 gold pieces
 19715 | D:4      | Bought a scroll of identify for 28 gold pieces
 19715 | D:4      | Bought a scroll of identify for 28 gold pieces
 19715 | D:4      | Bought a scroll of enchant weapon for 105 gold pieces
 19867 | Orc:1    | Entered Level 1 of the Orcish Mines
 20143 | Orc:2    | Entered Level 2 of the Orcish Mines
 20181 | Orc:2    | Found a burning altar of Makhleb.
 20454 | Orc:2    | Found Bodghyen's Distillery.
 20487 | Orc:2    | Found Caatygi's Distillery.
 20615 | Orc:2    | Reached skill level 14 in Evocations
 20727 | Orc:2    | Bought a potion of mutation for 104 gold pieces
 20799 | Orc:2    | Gained mutation: Armour fits poorly on your strangely shaped body. [a neqoxec]
 20800 | Orc:2    | Gained mutation: You are weak. (Str -2) [a neqoxec]
 20802 | Orc:2    | Lost mutation: You are weak. (Str -2) [potion of mutation]
 20802 | Orc:2    | Lost mutation: Armour fits poorly on your strangely shaped body. [potion of mutation]
 20802 | Orc:2    | Gained mutation: You can translocate small distances at will. [potion of mutation]
 20802 | Orc:2    | Gained mutation: You have supernaturally acute eyesight. (SInv) [potion of mutation]
 20900 | Orc:2    | Found Dofunur's Antique Armour Shop.
 20900 | Orc:2    | Found a one-way gate leading to the halls of Pandemonium.
 20900 | Orc:2    | Found Yla Tieri's Gadget Boutique.
 20902 | Orc:2    | Bought a pair of twisted boots for 275 gold pieces
 20904 | Orc:2    | Bought a wand of clouds (7) for 462 gold pieces
 20904 | Orc:2    | Bought a wand of paralysis (10) for 168 gold pieces
 20904 | Orc:2    | Bought a wand of iceblast (7) for 154 gold pieces
 20915 | Orc:2    | Identified the +0 pair of boots of Resilience {*Drain Int+5} (You bought it in a shop on level 2 of the Orcish Mines)
 20971 | Orc:2    | Found a staircase to the Elven Halls.
 21138 | Orc:1    | Found a roughly hewn altar of Beogh.
 21745 | Swamp:1  | Entered Level 1 of the Swamp
 21859 | Swamp:1  | Got a coiled jade amulet
 21860 | Swamp:1  | Identified the amulet of the Devil's Team {Harm *Drain Fragile +Blink rN+ MR+} (You found it on level 1 of the Swamp)
 21925 | Swamp:1  | Got a brightly glowing whip
 21927 | Swamp:1  | Identified the +9 whip "Gyickar" {vamp, *Noise MR+ Str+4 Dex+2} (You found it on level 1 of the Swamp)
 22630 | Swamp:2  | Reached XP level 16. HP: 98/152 MP: 13/13
 22690 | Swamp:2  | Noticed Kirke
 22706 | Swamp:2  | Killed Kirke
 23052 | Swamp:2  | Noticed Nikola
 23082 | Swamp:2  | Killed Nikola
 23166 | Swamp:2  | Reached skill level 15 in Evocations
 23200 | Swamp:2  | Found a runed door.
 23853 | Swamp:3  | Got a shimmering flail
 23854 | Swamp:3  | Identified the cursed +2 flail "Hellblazer" {crush, Fragile rF+ Str+2} (You found it on level 3 of the Swamp)
 23914 | Swamp:3  | Noticed a thorn hunter
 23927 | Swamp:3  | Killed a thorn hunter
 24460 | Swamp:4  | Entered Level 4 of the Swamp
 24465 | Swamp:4  | Noticed the 27-headed Lernaean hydra
 25022 | Swamp:4  | Reached XP level 17. HP: 161/162 MP: 14/14
 25450 | Swamp:4  | Got a decaying rune of Zot
 25512 | Swamp:4  | Reached skill level 16 in Evocations
 25636 | Spider:1 | Entered Level 1 of the Spider Nest
 26623 | Spider:2 | Reached skill level 15 in Armour
 26781 | Spider:2 | Reached skill level 15 in Shields
 27576 | Spider:3 | Reached skill level 15 in Axes
 27888 | Spider:4 | Entered Level 4 of the Spider Nest
 28336 | Spider:4 | Reached skill level 17 in Evocations
 28336 | Spider:4 | Gained mutation: You passively map a large area around you. [Deep Dwarf growth]
 28336 | Spider:4 | Reached XP level 18. HP: 172/172 MP: 0/16
 28367 | Spider:4 | Got a gossamer rune of Zot
 29198 | D:13     | You paid a toll of 19 scrolls of identify to enter a treasure trove
 29199 | Trove    | Entered a treasure trove
 29347 | Vaults:1 | Entered Level 1 of the Vaults
 29499 | Vaults:1 | Identified 2 scrolls of acquirement
 29501 | Vaults:1 | Found the +14 obsidian axe {chop, +Fly SInv *Curse}
 29560 | Vaults:1 | Got a pair of bloodstained gloves
 29571 | Vaults:1 | Identified the +2 pair of gloves "Ruhompytyo" {rC+ Int+4 Slay-5} (You acquired it on level 1 of the Vaults)
 29990 | Vaults:1 | Got an encrusted hat
 30049 | Vaults:1 | Identified the +0 hat of Qaharghug {Str+5 Slay-4} (You found it on level 1 of the Vaults)
 30683 | Vaults:2 | Found a staircase to the Crypt.
 30823 | Vaults:2 | Reached skill level 18 in Evocations
 30888 | Vaults:2 | Reached XP level 19. HP: 183/183 MP: 18/18
 31214 | Vaults:2 | Reached skill level 15 in Fighting
 32885 | Vaults:4 | Found Roloeh's Antique Armour Shoppe.
 32893 | Vaults:4 | Bought a smoking plate armour for 1176 gold pieces
 32903 | Vaults:4 | Identified the +3 plate armour of Boiling Hail {rN+} (You bought it in a shop on level 4 of the Vaults)
 32931 | Vaults:4 | Reached skill level 19 in Evocations
 32994 | Vaults:4 | Reached XP level 20. HP: 196/196 MP: 19/19
 33753 | Vaults:5 | Entered Level 5 of the Vaults
 33846 | Vaults:5 | Noticed a golden dragon
 33848 | Vaults:5 | Noticed an ancient lich
 33870 | Vaults:5 | Killed an ancient lich
 33879 | Vaults:5 | Killed a golden dragon
 33890 | Vaults:5 | Reached skill level 20 in Evocations
 33895 | Vaults:5 | Reached XP level 21. HP: 208/208 MP: 19/21
 33941 | Vaults:5 | Noticed a golden dragon
 33964 | Vaults:5 | Noticed an ancient lich
 33966 | Vaults:5 | Killed a golden dragon
 34042 | Vaults:5 | Killed an ancient lich
 34438 | Vaults:5 | Got a silver rune of Zot
 34449 | Vaults:5 | Identified the +2 plate armour of Distant Worlds {rC++ Str+4} (You found it on level 5 of the Vaults)
 34740 | Vaults:5 | Reached skill level 21 in Evocations
 34857 | Vaults:5 | Got a pitted jade ring
 34858 | Vaults:5 | Identified the ring "Cixt" {Int+5 SInv} (You found it on level 5 of the Vaults)
 34977 | Vaults:5 | Noticed a golden dragon
 34988 | Vaults:5 | Killed a golden dragon
 34995 | Vaults:5 | Reached XP level 22. HP: 219/219 MP: 21/21
 35064 | Vaults:5 | Identified the ring of Lodaraug {rC++ MP-9 Str+3 Slay+3 SInv} (You found it on level 5 of the Vaults)
 35652 | Elf:1    | Entered Level 1 of the Elven Halls
 35818 | Elf:1    | Noticed Agnes
 35824 | Elf:1    | Killed Agnes
 36521 | Elf:2    | Noticed Donald
 36527 | Elf:2    | Noticed Louise
 36536 | Elf:2    | Killed Donald
 36558 | Elf:2    | Killed Louise
 36756 | Elf:2    | Found a runed gate.
 36756 | Elf:2    | Found a runed gate.
 36756 | Elf:2    | Found a runed gate.
 36798 | Elf:2    | Identified the ring of Poucli {*Drain rF- MR+ Int+6 Dex+9} (You found it on level 2 of the Elven Halls)
 37034 | Elf:3    | Entered Level 3 of the Elven Halls
 37044 | Elf:3    | Found Xounox's Book Shoppe.
 37408 | Elf:3    | Found Vegey's Armour Emporium.
 37415 | Elf:3    | Bought a +2 pair of gloves of strength for 279 gold pieces
 37602 | Elf:3    | Found Qibaesa's Weapon Shoppe.
 37634 | Elf:3    | Found Menk's Gadget Emporium.
 37659 | Elf:3    | Bought a throwing net for 57 gold pieces
 37690 | Elf:3    | Bought a box of beasts for 220 gold pieces
 37690 | Elf:3    | Bought a box of beasts for 220 gold pieces
 37690 | Elf:3    | Bought a box of beasts for 220 gold pieces
 37690 | Elf:3    | Bought a wand of iceblast (7) for 121 gold pieces
 37690 | Elf:3    | Bought a wand of acid (7) for 242 gold pieces
 37700 | Elf:3    | Found an ancient bone altar of Kikubaaqudgha.
 37748 | Elf:3    | Reached skill level 22 in Evocations
 37752 | Elf:3    | Identified the ring "Kocoib" {Int+5 SInv} (You took it off a deep elf high priest on level 3 of the Elven Halls)
 37847 | Elf:3    | Found the ring of Robustness {AC+8}
 37869 | Elf:3    | Identified the Incunabulum of Transmigration and Calling
 38002 | Elf:3    | Found Soinafud's Antique Armour Emporium.
 38236 | Elf:3    | Got a brightly glowing bone ring
 38237 | Elf:3    | Identified the ring of Cotzytt {rPois MR++} (You found it on level 3 of the Elven Halls)
 38444 | Orc:2    | Bought a sack of spiders for 280 gold pieces
 38444 | Orc:2    | Bought a sack of spiders for 280 gold pieces
 38663 | Depths:1 | Entered Level 1 of the Depths
 38889 | Depths:1 | Noticed Boris
 38892 | Depths:1 | Killed Boris
 38892 | Depths:1 | Reached XP level 23. HP: 230/230 MP: 14/23
 39084 | Depths:1 | Found a gateway to Hell.
 39432 | Depths:2 | Identified the +9 plate armour of Gozag's Regard {rC+} (You acquired it on level 2 of the Depths)
 39772 | Depths:2 | Found the +6 Majin-Bo {vamp, Archmagi MP+6 Int+6}
 40029 | Depths:3 | Reached skill level 23 in Evocations
 40084 | Depths:3 | Found a glowing golden altar of the Shining One.
 40540 | Depths:3 | Found a bloodstained altar of Trog.
 40961 | Depths:4 | Found a magical portal.
 40973 | WizLab   | Entered Lehudib's Moon Base
 41110 | WizLab   | Gained mutation: Your magical capacity is low. (-10% MP) [a cacodemon]
 41280 | WizLab   | Found a transporter.
 41283 | WizLab   | Reached XP level 24. HP: 242/242 MP: 10/19
 41324 | WizLab   | Paralysed by accursed screaming for 1 turns
 41330 | WizLab   | Paralysed by accursed screaming for 1 turns
 41747 | WizLab   | Found a transporter.
 41750 | WizLab   | Identified the Handbook of Enchanting Summoning
 42066 | Depths:4 | Found a corrupted altar of Lugonu.
 42066 | Depths:4 | Found a one-way gate to the infinite horrors of the Abyss.
 42344 | Depths:4 | Reached skill level 24 in Evocations
 42725 | Depths:5 | Entered Level 5 of the Depths
 42771 | Depths:5 | Noticed Frederick
 42784 | Depths:5 | Killed Frederick
 43037 | Depths:5 | Noticed a juggernaut
 43045 | Depths:5 | Killed a juggernaut
 43219 | Depths:5 | Gained mutation: You are weak. (Str -2) [a neqoxec]
 43289 | Depths:5 | Found Qacutafu's Book Shop.
 43327 | Depths:5 | Found a gateway to a ziggurat.
 43452 | Depths:5 | Found a gate to the Realm of Zot.
 43586 | Zot:1    | Entered Level 1 of the Realm of Zot
 44120 | Zot:1    | Reached XP level 25. HP: 254/254 MP: 11/20
 44125 | Zot:1    | Noticed an orb of fire
 44540 | Zot:2    | Reached skill level 25 in Evocations
 46310 | Zot:5    | Entered Level 5 of the Realm of Zot
 46332 | Zot:5    | Reached skill level 26 in Evocations
 46545 | Zot:5    | Reached XP level 26. HP: 245/266 MP: 0/21
 46913 | Zot:5    | Noticed an ancient lich
 46924 | Zot:5    | Killed an ancient lich
 46957 | Zot:5    | Noticed an orb of fire
 46961 | Zot:5    | Noticed an ancient lich
 46963 | Zot:5    | Gained mutation: You are occasionally teleported next to monsters. [an orb of fire]
 46964 | Zot:5    | Killed an orb of fire
 46964 | Zot:5    | Reached skill level 27 in Evocations
 46972 | Zot:5    | Killed an ancient lich
 47001 | Zot:5    | Lost mutation: You are occasionally teleported next to monsters. [potion of mutation]
 47001 | Zot:5    | Lost mutation: Your magical capacity is low. (-10% MP) [potion of mutation]
 47001 | Zot:5    | Lost mutation: You are weak. (Str -2) [potion of mutation]
 47001 | Zot:5    | Gained mutation: You possess an exceptional clarity of mind. [potion of mutation]
 47094 | Zot:5    | Got the Orb of Zot
 47758 | D:$      | Escaped with the Orb!

Vault maps used:
D:1:      kennysheep_arrival_forest, nrook_uturn, minmay_misc_feat_cross
D:2:      uniq_terence, uniq_sigmund
D:3:      grunt_ministairs_5
D:4:      serial_shops, shop, kennysheep_generic_room_15
D:5:      kennysheep_little_box, minmay_temple_entry_hall, first_ration,
          minmay_misc_feat_rows
D:7:      grunt_livestock, minmay_gold_behind_fungi
D:8:      lair_entry_dummy, zaba_antful_of_joy
D:9:      david_orc_4
D:10:     serial_shops, shop
D:11:     minmay_lizard_king
D:12:     serial_shops, nicolae_shop_statue_plus
D:13:     nicolae_trove_entry_columns
D:14:     david_vaults_2, kennysheep_flooded_box, uniq_nessos, uniq_azrael
D:15:     hangedman_depths_entry_civil_slaughter, minmay_misc_feat_doors,
          portal_ice_cave_entry_pillars_2, serial_shops,
          nicolae_shop_temple_entry_statues_fountains
Temple:   regret_index_temple_sigil_plot
Lair:1:   wad_woods_river_03, serial_bayou_ford_a, bh_autumn_forest_stairs,
          lemuel_fruit_tree, lemuel_fruit_fields
Lair:2:   swamp_mist_pool, hibernation_bobbens
Lair:3:   spider_nest_entry_funnel_web, kennysheep_rathole, uniq_rupert,
          uniq_nergalle
Lair:4:   minmay_lair_venomous_thicket, grunt_megastairs_2, serial_bayou_shore_a
Lair:5:   minmay_guarded_unrand_snakebite, dpeg_slime_entry_enclosed_altar,
          grunt_forest_stairs_clearing, grunt_megastairs_1,
          serial_bayou_shore_b, serial_bayou_shore_b
Lair:6:   hangedman_lair_tendril_chambers, guppyfry_lair_end_dragon,
          lemuel_old_faithful
Swamp:1:  hangedman_swamp_diagram
Swamp:2:  gammafunk_mikee_crab_dinner, serial_swamp_ruin,
          hangedman_swamp_ruin_wall, evilmike_swamp_ruin_house_1,
          infiniplex_staircase_pool_2, uniq_kirke, uniq_nikola
Swamp:3:  evilmike_swamp_ruin_house_4, swamp_pool1
Swamp:4:  swamp_old_school, swamp_pool4
Spider:3: spiders_nest_ghost_moth_duel
Spider:4: spider_rune_water, spiders_nest_spider_trap
Orc:1:    minmay_orc_temple_b
Orc:2:    pf_orc_diabolical, bloody_makhleb
Elf:1:    eino_elf_arrival_the_gate, minmay_elf_annihilation, uniq_agnes
Elf:2:    uniq_donald, uniq_louise
Elf:3:    minmay_elf_hall_furrowed, serial_shops, shop, nicolae_shop_stone,
          shop, nicolae_shop_window_shopping, nicolae_shop_stone, basic_altar
Vaults:1: grunt_vaults_diagonal, nicolae_vaults_little_squares_6, v_misc_4,
          grunt_vaults_hallway_long, hangedman_vaults_corner, v_alt_pattern_2,
          vaults_room_grid, nicolae_vaults_little_squares_6,
          dpeg_vaults_pockets_of_resistance, v_misc_28,
          ontoclasm_vaults_shuriken, grunt_vaults_hallway_long,
          vaults_room_grunt_arrival_ludios
Vaults:2: serial_ice_m, minmay_crypt_entry_vampire_xt, hangedman_vaults_slice,
          ontoclasm_vaults_ring_square, vaults_room_door_ring, vaults_room_fours
Vaults:3: vaults_room_glass_cross, grunt_vaults_trifunnel, v_pattern_5,
          ontoclasm_vaults_loading_screen,
          vaults_standard_mumra_enter_the_diamond, vaults_mumra_hexcomb,
          vaults_standard_mumra_enter_the_diamond, ontoclasm_vaults_fault,
          nicolae_vaults_network_periphery, nicolae_vaults_little_squares_1,
          nicolae_vaults_hallways_thing, vaults_room_ringed_pool
Vaults:4: nicolae_vaults_network_s, nicolae_vaults_little_squares_5,
          vaults_room_corners, vaults_dpeg_cross, vaults_dpeg_diagonal,
          nicolae_vaults_little_squares_4, hangedman_vaults_cutoff,
          nicolae_vaults_ring_of_whatevers, ontoclasm_vaults_spin,
          nicolae_vaults_theta, serial_shops, nicolae_shop_stone
Depths:1: hangedman_screamer, hell_entry, minmay_misc_feat_hallway,
          grunt_pan_entry_zigzag, hangedman_decor_push, lemuel_freeze_loot_1,
          serial_bayou_shore_b
Depths:2: minmay_guarded_unrand_majin_bo, rand_demon_pan_entry_5, hell_entry,
          minmay_misc_feat_iff, lemuel_flamethrower_2, minmay_staircase_statues
Depths:3: abrahamwl_protected_by_tso_3, serial_curves, eino_curves_03,
          eino_curves_03, pan_entry, hell_entry, solitary_fountain,
          lemuel_statue_altar, serial_bayou_shore_b
Depths:4: cheibrodos_salmonella, abyss_entry_flame_altar, hell_entry,
          infiniplex_enter_wizlab_glasses, glass_columns_c,
          serial_bayou_lagoon_b
Depths:5: evilmike_zot_entry_round, enter_ziggurat_b, serial_shops,
          nicolae_shop_temple_entry_statues_fountains, kennysheep_pointless_box,
          rand_demon_pan_entry_8, pf_coc_iceberg, serial_glass, glass_columns_c,
          glass_columns_b, minmay_tree_intersection, corner_web_ring,
          minmay_liquid_box, uniq_frederick
Zot:1:    grunt_ministairs_15, st_stairs_3, nrook_zot_tub
Zot:5:    st_stairs_10, grunt_ministairs_2
Trove:    trove_library
IceCv:    ice_cave_statue_garden_transporter
WizLab:   wizlab_lehudib

Skill      XL: |  1  2  3  4  5  6  7  8  9 10 11 12 13 14 15 16 17 18 19 20 21 22 23 24 25 26 |
---------------+-------------------------------------------------------------------------------+-----
Fighting       | 3 4 5 6 7 8 9 10 11 12 13 14 16 17 18 19 20 21 23 | 23.2
Dodging        | 1 2 3 4 5 6 7 8 9 10 | 10.0
Axes           | 3 4 5 6 7 8 10 11 12 13 14 15 16 17 18 20 21 | 21.9
Armour         | 4 5 6 7 8 9 10 11 12 13 14 15 16 17 18 19 21 22 | 22.0
Shields        | 4 5 6 7 8 9 10 11 12 13 14 15 16 17 18 19 20 | 20.0
Invocations    | 2 4 6 7 8 |  8.0
Evocations     | 3 5 7 8 10 11 13 14 15 17 18 19 20 21 22 23 24 26 27 | 27.0

Action                   |  1- 3 |  4- 6 |  7- 9 | 10-12 | 13-15 | 16-18 | 19-21 | 22-24 | 25-27 || total
-------------------------+-------+-------+-------+-------+-------+-------+-------+-------+-------++-------
Melee: War axe           |    17 |       |    52 |    81 |   530 |  1223 |       |       |       ||  1903
       Dagger            |    92 |   186 |   311 |       |   369 |       |       |       |       ||   958
       Flail             |       |       |   184 |  1114 |       |       |       |       |       ||  1298
       Whip              |       |       |       |       |  1556 |   400 |       |       |       ||  1956
       Broad axe         |       |       |       |       |       |   317 |   922 |  1245 |   569 ||  3053
Throw: Throwing net      |       |       |       |       |       |       |       |       |     1 ||     1
Invok: Minor Destruction |       |       |       |   117 |    20 |     5 |       |       |       ||   142
       Lesser Servant of |       |       |       |     7 |     5 |       |       |       |       ||    12
 Abil: Heal Wounds       |     1 |     2 |    10 |    18 |     8 |     3 |     7 |       |       ||    49
Evoke: Wand              |       |       |       |     3 |    38 |    83 |     8 |     3 |    19 ||   154
       Lamp of fire      |       |       |       |     1 |     3 |     4 |     1 |       |       ||     9
  Use: Scroll            |       |    12 |     5 |     9 |     1 |    12 |     8 |    19 |     8 ||    74
       Potion            |       |       |       |     1 |     1 |     6 |       |       |     5 ||    13
 Stab: Paralysed         |       |       |       |     6 |    17 |    25 |       |       |       ||    48
       Distracted        |       |       |       |     1 |     1 |     5 |    14 |    16 |    10 ||    47
       Confused          |       |       |       |       |     1 |       |       |     3 |       ||     4
       Held in net/web   |       |       |       |       |       |       |       |       |     2 ||     2
  Eat: Chunk             |     2 |     4 |     9 |    23 |    33 |    25 |    14 |    20 |     9 ||   139
       Ration            |       |     1 |       |     4 |     3 |     2 |       |     3 |     3 ||    16
Armor: Scale mail        |    29 |    20 |       |       |       |       |       |       |       ||    49
       Chain mail        |       |    24 |    20 |       |       |       |       |       |       ||    44
       Plate armour      |       |       |   231 |   663 |   909 |  1130 |   318 |       |       ||  3251
       Storm dragon scal |       |       |       |       |       |       |    13 |   192 |       ||   205
       Gold dragon scale |       |       |       |       |       |       |       |   107 |   250 ||   357
Dodge: Dodged            |    31 |    17 |    83 |   403 |   559 |   626 |   226 |   213 |   140 ||  2298
Block: Shield            |    47 |       |       |       |       |       |       |       |       ||    47
       Large shield      |    21 |   123 |   483 |  1421 |  2322 |  2287 |   895 |  1078 |   610 ||  9240
       Reflection        |       |       |       |       |       |       |    47 |   120 |     6 ||   173

Table legend:
 A = Spawn XP
 B = Non-spawn XP
 C = Spawn XP percentage of total XP
 D = Spawn monster count
 E = Non-spawn monster count
 F = Spawn count percentage of total count
 G = Total turns spent on level
                    A         B        C        D         E        F      G
               +---------+---------+-------+---------+---------+-------+---------
         Total |       0 | 1441366 |   0.0 |       0 |    2389 |   0.0 | 47758
               +---------+---------+-------+---------+---------+-------+---------
           D:1 |       0 |      42 |   0.0 |       0 |      22 |   0.0 |   990
           D:2 |       0 |     319 |   0.0 |       0 |      23 |   0.0 |   932
           D:3 |       0 |     148 |   0.0 |       0 |      24 |   0.0 |   941
           D:4 |       0 |       1 |   0.0 |       0 |       1 |   0.0 |   599
           D:5 |       0 |     471 |   0.0 |       0 |      23 |   0.0 |   781
           D:6 |       0 |     854 |   0.0 |       0 |      28 |   0.0 |   873
           D:7 |       0 |    1931 |   0.0 |       0 |      34 |   0.0 |   741
           D:8 |       0 |    3532 |   0.0 |       0 |      44 |   0.0 |   815
           D:9 |       0 |    3067 |   0.0 |       0 |      49 |   0.0 |  1539
          D:10 |       0 |    4870 |   0.0 |       0 |      45 |   0.0 |   873
          D:11 |       0 |    4098 |   0.0 |       0 |      34 |   0.0 |   990
          D:12 |       0 |    8315 |   0.0 |       0 |      48 |   0.0 |  1162
          D:13 |       0 |   11564 |   0.0 |       0 |      45 |   0.0 |   996
          D:14 |       0 |    6771 |   0.0 |       0 |      31 |   0.0 |   910
          D:15 |       0 |   18894 |   0.0 |       0 |      33 |   0.0 |  1017
        Lair:1 |       0 |    3482 |   0.0 |       0 |      17 |   0.0 |   849
        Lair:2 |       0 |    6041 |   0.0 |       0 |      22 |   0.0 |  1253
        Lair:3 |       0 |    4656 |   0.0 |       0 |      26 |   0.0 |   896
        Lair:4 |       0 |    8159 |   0.0 |       0 |      41 |   0.0 |   943
        Lair:5 |       0 |    9490 |   0.0 |       0 |      44 |   0.0 |  1278
        Lair:6 |       0 |   22734 |   0.0 |       0 |      83 |   0.0 |  1565
       Swamp:1 |       0 |    7275 |   0.0 |       0 |      26 |   0.0 |   789
       Swamp:2 |       0 |   25793 |   0.0 |       0 |      48 |   0.0 |  1120
       Swamp:3 |       0 |   13162 |   0.0 |       0 |      30 |   0.0 |   779
       Swamp:4 |       0 |   31448 |   0.0 |       0 |      62 |   0.0 |  1056
      Spider:1 |       0 |   11346 |   0.0 |       0 |      36 |   0.0 |   612
      Spider:2 |       0 |   18559 |   0.0 |       0 |      51 |   0.0 |   834
      Spider:3 |       0 |   11599 |   0.0 |       0 |      27 |   0.0 |   861
      Spider:4 |       0 |   40264 |   0.0 |       0 |      82 |   0.0 |  1012
         Orc:1 |       0 |    5550 |   0.0 |       0 |      41 |   0.0 |   524
         Orc:2 |       0 |   18803 |   0.0 |       0 |      86 |   0.0 |  1340
         Elf:1 |       0 |   27494 |   0.0 |       0 |      42 |   0.0 |   878
         Elf:2 |       0 |   23197 |   0.0 |       0 |      38 |   0.0 |   570
         Elf:3 |       0 |   55025 |   0.0 |       0 |      56 |   0.0 |  1297
      Vaults:1 |       0 |   57386 |   0.0 |       0 |     103 |   0.0 |  1251
      Vaults:2 |       0 |   45816 |   0.0 |       0 |      88 |   0.0 |  1207
      Vaults:3 |       0 |   53007 |   0.0 |       0 |     110 |   0.0 |  1056
      Vaults:4 |       0 |   56701 |   0.0 |       0 |      79 |   0.0 |  1008
      Vaults:5 |       0 |  193835 |   0.0 |       0 |     166 |   0.0 |  1585
      Depths:1 |       0 |   47636 |   0.0 |       0 |      58 |   0.0 |   619
      Depths:2 |       0 |   34267 |   0.0 |       0 |      40 |   0.0 |   617
      Depths:3 |       0 |   40291 |   0.0 |       0 |      57 |   0.0 |  1063
      Depths:4 |       0 |   63129 |   0.0 |       0 |      58 |   0.0 |  1002
      Depths:5 |       0 |   61109 |   0.0 |       0 |      45 |   0.0 |   902
         Zot:1 |       0 |   35850 |   0.0 |       0 |      24 |   0.0 |   860
         Zot:2 |       0 |   46150 |   0.0 |       0 |      35 |   0.0 |   430
         Zot:3 |       0 |   43048 |   0.0 |       0 |      25 |   0.0 |   935
         Zot:4 |       0 |   28422 |   0.0 |       0 |      22 |   0.0 |   599
         Zot:5 |       0 |  172177 |   0.0 |       0 |      68 |   0.0 |   859
         IceCv |       0 |    1676 |   0.0 |       0 |      10 |   0.0 |    96
        WizLab |       0 |   51912 |   0.0 |       0 |      59 |   0.0 |   873
               +---------+---------+-------+---------+---------+-------+---------
